 Dungeon Crawl Stone Soup version 0.30-a0-12-gd8047c6341 (webtiles) character file.

Game seed: 2491497934777429548

130088 drpainis the Severer (level 17, -35/162 HPs)
             Began as a Hill Orc Berserker on Aug 24, 2022.
             Was a High Priest of Trog.
             Annihilated by a titanic slime creature (81 damage)
             ... on level 15 of the Dungeon.
             The game lasted 00:50:26 (20846 turns).

drpainis the Severer (Hill Orc Berserker)          Turns: 20846, Time: 00:50:27

Health: -35/162    AC: 29    Str: 32    XL:     17   Next: 7%
Magic:  17/17      EV: 11    Int: 16    God:    Trog [*****.]
Gold:   1325       SH:  9    Dex: 14    Spells: 16/16 levels left

rFire   . . .      SeeInvis .    F - +8 war axe (vorpal)
rCold   . . .      Faith    .    E - +0 kite shield {rN+}
rNeg    + . .      Spirit   .    d - +2 chain mail {Will+}
rPois   .          Reflect  .    Z - +2 helmet
rElec   .          Harm     .    A - +2 cloak
rCorr   .          Rampage  .    J - +2 pair of gloves
Will    ++...                    Q - +1 pair of boots
Stlth   ..........               l - amulet of regeneration
HPRegen 1.17/turn                i - ring of Dalil {Str+4 Int+3 Dex+4 Slay+4}
MPRegen 0.15/turn                g - +6 ring of intelligence

@: hasted, very quick
A: no striking features
a: Renounce Religion, Berserk, Trog's Hand, Brothers in Arms


You were on level 15 of the Dungeon.
You worshipped Trog.
Trog was extremely pleased with you.
You visited 2 branches of the dungeon, and saw 20 of its levels.
You visited the Abyss 1 time.
You also visited: Ossuary.

You collected 1889 gold pieces.
You spent 564 gold pieces at shops.

Inventory:

Hand Weapons
 F - a +8 vorpal war axe (weapon)
 V - a +2 executioner's axe of draining
Missiles
 S - 2 throwing nets (quivered)
Armour
 d - a +2 chain mail of willpower (worn)
 r - a +3 chain mail of poison resistance
 z - a +2 hat of intelligence
 A - a +2 cloak (worn)
 E - a +0 kite shield of positive energy (worn)
 H - the +1 leather armour of Recklessness {rPois Dex+4}
   (You found it on level 4 of the Dungeon)

   Dex:       It affects your dexterity (+4).
   rPois:     It protects you from poison.
 J - a +2 pair of gloves (worn)
 Q - a +1 pair of boots (worn)
 U - the +1 ring mail "Pibus" {Will+ MP+9 Dex-4 Slay+2}
   (You took it off a gnoll bouda on level 6 of the Dungeon)

   Dex:       It affects your dexterity (-4).
   Slay:      It affects your accuracy & damage with ranged weapons and melee
   (+2).
   MP:        It affects your magic capacity (+9).
   Will:      It increases your willpower.
 Z - a +2 helmet (worn)
Jewellery
 a - a ring of willpower
 e - a ring of resist corrosion
 g - a +6 ring of intelligence (right hand)
 i - the ring of Dalil (left hand) {Str+4 Int+3 Dex+4 Slay+4}
   (You acquired it on level 5 of the Lair of Beasts)

   [ring of slaying]

   Str:       It affects your strength (+4).
   Int:       It affects your intelligence (+3).
   Dex:       It affects your dexterity (+4).
   Slay:      It affects your accuracy & damage with ranged weapons and melee
   (+4).
 k - an amulet of faith
 l - an amulet of regeneration (around neck)
 o - a ring of ice
 s - a +6 ring of intelligence
 v - a ring of protection from fire
 R - a ring of fire
 T - a ring of positive energy
Wands
 b - a wand of polymorph (8)
 y - a wand of flame (95)
 C - a wand of quicksilver (11)
 I - a wand of digging (13)
 K - a wand of charming (9)
 L - a wand of roots (25)
Scrolls
 h - 2 scrolls of noise
 p - a scroll of fog {unknown}
 q - 2 scrolls of fear
 u - 3 scrolls of blinking
 x - 3 scrolls of magic mapping
 D - 13 scrolls of teleportation
 Y - a scroll of identify
Potions
 c - a potion of berserk rage
 f - 2 potions of invisibility
 j - 5 potions of curing
 m - 2 potions of flight
 n - 3 potions of heal wounds
 w - 2 potions of haste
 O - a potion of resistance
 X - 2 potions of might
Miscellaneous
 M - a phantom mirror


   Skills:
 + Level 17.5 Fighting
 + Level 20.8 Axes
 + Level 16.3 Armour
 + Level 7.2 Dodging
 + Level 4.4 Stealth
 + Level 3.2 Shields
 + Level 1.6 Evocations


You had 16 spell levels left.
You didn't know any spells.
Your spell library was empty.

Dungeon Overview and Level Annotations

Branches:
Dungeon (15/15)            Temple (0/1) D:7            Lair (5/5) D:10
 Shoals (0/4) Lair:3        Snake (0/4) Lair:3        Slime (0/5) Lair:4
    Orc (0/2) D:10         Vaults (0/5) D:13        Ossuary (visited)
 Depths: D:15

Altars:
Ashenzari
Cheibriados
Dithmenos
Elyvilon
Fedhas
Gozag
Hepliaklqana
Kikubaaqudgha
Nemelex Xobeh
Okawaru
Qazlal
Ru
Sif Muna
Trog
Wu Jian
Xom
Zin
Jiyva

Shops:
D:6 ![[(   D:7 *   D:9 [   D:10 [   D:13 (?

Portals:
Trove: D:10 (give horn of Geryon)

Annotations:
D:7 3 runed translucent doors, pigah's ghost, novice OpAE


Message History

You slice the cyan ugly thing!!
The cyan ugly thing is almost dead.
A slime creature comes into view.
The cyan ugly thing basks in the mutagenic energy from its kin and changes!
You slash the red ugly thing!
You kill the red ugly thing!
Trog accepts your kill.
You closely miss the red ugly thing. The red ugly thing claws you!
You are engulfed in flames!!
You closely miss the red ugly thing. You block the red ugly thing's attack.
Two slime creatures merge to form a large slime creature.
You slice the red ugly thing!!
The red ugly thing is heavily wounded.
Two slime creatures merge to form a very large slime creature.
Two slime creatures merge to form an enormous slime creature.
The red ugly thing claws you but does no damage.
You closely miss the red ugly thing.
The red ugly thing is heavily wounded.
Two slime creatures merge to form a titanic slime creature.
You block the red ugly thing's attack.
You closely miss the red ugly thing.
The red ugly thing is heavily wounded.
You block the red ugly thing's attack.
You slash the red ugly thing!
The red ugly thing is severely wounded.
You slash the red ugly thing!
The red ugly thing is almost dead.
The red ugly thing claws you but does no damage.
You feel much better.
The red ugly thing claws you but does no damage.
You slice the red ugly thing!!
You kill the red ugly thing!
Trog accepts your kill.
Trog will now gift you melee weapons as you gain piety.
The titanic slime creature attacks as you move away!
The titanic slime creature hits you!!!!
* * * LOW HITPOINT WARNING * * *
You feel yourself speed up. The titanic slime creature hits you!!!!
Ouch! That really hurt!
You die...

#..# #..######. ..#
#........< #..#
#......... #..#
###......... #..#
......#####. #..#
###...# #..# #..#
#...# ####..# #..#
#...# #.J@..# #..#
#...# #†#...# #..#
#...# #†##..# #..# .#
#...#
#..J##.####(.#####.#
#...#
#.....#.............#
#...#
#.....#.............#
#...#
##..J#####..........#
#..)# ##.##
###........#
#...##### ..#
#........#


You could see a titanic slime creature.

Vanquished Creatures
  Rupert (D:15)
  A lich (Abyss:1)
  The ghost of Aluic the Severer, an adept MiBe of Trog (Lair:4)
  Kirke (D:12)
  Josephine (D:12)
  The ghost of Zun Lasmi the Thaumaturge, a journeyman VSTm of Dithmenos (Lair:4)
  3 boulder beetles
  2 centaur warriors
  5 hydras
  5 catoblepae (Lair:5)
  2 dancing weapons (D:13)
  8 death yaks
  3 two-headed ogres
  Amaemon (D:11)
  Lodul (D:11)
  A deep troll (Lair:2)
  2 wizards
  2 lindwurms (Lair:4)
  A salamander (shapeshifter) (D:14)
  4 manticores
  14 ugly things
  2 smoke demons (Abyss:1)
  10 black mambas
  2 gargoyles
  3 elephants (Lair:3)
  2 orange demons
  7 cane toads
  Psyche (D:11)
  2 unseen horrors
  3 rime drakes
  A kobold demonologist (D:13)
  2 tengu conjurers (D:15)
  6 komodo dragons
  An efreet (D:13)
  4 polar bears
  3 trolls
  19 blink frogs
  17 slime creatures
  A centaur simulacrum (D:14)
  A culicivora (shapeshifter) (D:14)
  5 wraiths
  3 ynoxinuls (Abyss:1)
  A spriggan (Lair:3)
  A shadow (D:12)
  4 hogs (D:12)
  5 wyverns
  48 yaks
  2 basilisks
  Eustachio (D:6)
  A steam dragon (Lair:1)
  2 acid dragons
  21 water moccasins
  2 orc warriors
  3 ice beasts (D:6)
  3 sky beasts
  3 black bears
  2 boggarts (D:15)
  8 ogres
  12 wolves
  5 centaurs
  2 kobold brigands
  2 elf zombies (Ossuary)
  8 bullfrogs
  A gnoll sergeant (D:6)
  A necrophage (D:6)
  3 scorpions
  12 killer bees (D:9)
  2 howler monkeys (D:11)
  A crimson imp (D:12)
  A small abomination (Abyss:1)
  A jelly (D:7)
  A centaur zombie (Ossuary)
  2 gnoll boudas
  3 orc priests
  3 hounds
  3 iguanas
  17 orc wizards
  2 mummies (Ossuary)
  Robin (D:4)
  19 gnolls
  9 adders
  2 shadow imps (D:6)
  An adder zombie (Ossuary)
  2 worms
  A dart slug (D:2)
  31 orcs
  6 bats
  13 endoplasms
  6 giant cockroaches
  13 goblins
  10 hobgoblins
  5 jackals
  16 kobolds
  2 quokkas
  10 ball pythons
  4 frilled lizards
  A goblin zombie (Ossuary)
  9 hobgoblin zombies (Ossuary)
  5 jackal zombies (Ossuary)
  11 kobold zombies (Ossuary)
  6 orc zombies (Ossuary)
  6 rats
  A rat zombie (Ossuary)
534 creatures vanquished.

Vanquished Creatures (collateral kills)
  Gastronok (Lair:3)
  A death yak (Lair:5)
  A cane toad (Lair:3)
  Maggie (D:6)
  3 blink frogs (Lair:3)
  2 yaks (Lair:5)
  A water moccasin (Lair:5)
  An orc warrior (D:6)
11 creatures vanquished.

Vanquished Creatures (others)
  A centaur (D:6)
  A white imp (D:12)
  A bush (Lair:5)
  41 fungi
  65 plants
109 creatures vanquished.

Grand Total: 654 creatures vanquished

Notes
Turn   | Place    | Note
-------+----------+-------------------------------------------
     0 | D:1      | drpainis the Hill Orc Berserker began the quest for the
                  | Orb.
     0 | D:1      | Reached XP level 1. HP: 19/19 MP: 1/1
   144 | D:1      | Reached XP level 2. HP: 21/27 MP: 2/2
   632 | D:1      | Reached XP level 3. HP: 13/33 MP: 3/3
   636 | D:1      | Reached ** piety under Trog
   640 | D:1      | Reached skill level 5 in Axes
   955 | D:1      | Found a faded altar of an unknown god.
  1353 | D:2      | Noticed a black bear
  1362 | D:2      | Killed a black bear
  1363 | D:2      | Reached XP level 4. HP: 41/41 MP: 4/4
  1363 | D:2      | Reached XP level 5. HP: 47/47 MP: 5/5
  1712 | D:2      | Reached skill level 6 in Axes
  1875 | D:2      | Reached XP level 6. HP: 53/53 MP: 6/6
  2209 | D:3      | Reached *** piety under Trog
  2369 | D:3      | Reached skill level 7 in Axes
  3169 | D:4      | Found a glowing silver altar of Zin.
  3223 | D:4      | Noticed Robin
  3237 | D:4      | Killed Robin
  3238 | D:4      | Reached skill level 5 in Fighting
  3435 | D:4      | Found an ancient bone altar of Kikubaaqudgha.
  3494 | D:4      | Reached XP level 7. HP: 59/61 MP: 7/7
  3568 | D:4      | Identified the +1 leather armour of Recklessness {rPois
                  | Dex+4}
  3608 | D:4      | Reached skill level 8 in Axes
  4026 | D:5      | Entered Level 5 of the Dungeon
  4172 | D:5      | Reached **** piety under Trog
  4854 | D:6      | Found Nerr's Weapon Shoppe.
  4856 | D:6      | Found Gotwaalu's Antique Armour Emporium.
  4868 | D:6      | Bought a slimy scale mail for 189 gold pieces
  4868 | D:6      | Identified the +0 scale mail "Wocsotew" {+Inv rN++} (You
                  | bought it in a shop on level 6 of the Dungeon)
  4921 | D:6      | Noticed Eustachio
  4936 | D:6      | Killed Eustachio
  4937 | D:6      | Reached skill level 9 in Axes
  4937 | D:6      | Reached XP level 8. HP: 55/70 MP: 8/8
  4950 | D:6      | Found an opulent altar of Gozag.
  4986 | D:6      | Reached skill level 5 in Armour
  5039 | D:6      | Found Sevaihom's Distillery.
  5046 | D:6      | Bought a potion of heal wounds for 65 gold pieces
  5093 | D:6      | Reached skill level 10 in Axes
  5149 | D:6      | Identified the +1 ring mail "Pibus" {Will+ MP+9 Dex-4
                  | Slay+2}
  5212 | D:6      | Found a shimmering altar of Xom.
  5262 | D:6      | Reached skill level 11 in Axes
  5268 | D:6      | Reached XP level 9. HP: 60/79 MP: 9/9
  5355 | D:6      | Found Poecutonn's Armour Boutique.
  5355 | D:6      | Noticed Maggie
  5371 | D:6      | Killed Maggie
  5754 | D:7      | Found a shadowy altar of Dithmenos.
  5755 | D:7      | Found Xiekhlos's Wicked Wares.
  5899 | D:7      | Found a sparkling altar of Nemelex Xobeh.
  6078 | D:7      | Reached skill level 12 in Axes
  6095 | D:7      | Found a hazy altar of Hepliaklqana.
  6189 | D:7      | Found a staircase to the Ecumenical Temple.
  6200 | D:7      | Found a runed translucent gate.
  6200 | D:7      | Found a runed translucent gate.
  6201 | D:7      | Found a runed translucent gate.
  6206 | D:7      | Noticed pigah's ghost (novice OpAE)
  6538 | D:8      | Found a sand-covered staircase.
  6551 | Ossuary  | Entered an ossuary
  6836 | D:8      | Reached XP level 10. HP: 84/90 MP: 10/10
  6934 | D:8      | Found a sacrificial altar of Ru.
  6975 | D:8      | Reached skill level 13 in Axes
  6975 | D:8      | Reached ***** piety under Trog
  7226 | D:8      | Found a blossoming altar of Fedhas.
  7715 | D:9      | Reached skill level 14 in Axes
  7775 | D:9      | Found a snail-covered altar of Cheibriados.
  7835 | D:9      | Reached skill level 1 in Evocations
  7961 | D:9      | Found Daoqujewk's Antique Armour Boutique.
  8076 | D:9      | Found an iron altar of Okawaru.
  8169 | D:9      | Reached skill level 15 in Axes
  8327 | D:10     | Entered Level 10 of the Dungeon
  8351 | D:10     | Found a staircase to the Lair.
  8362 | D:10     | Found a stormy altar of Qazlal.
  8387 | D:10     | Noticed a gargoyle
  8397 | D:10     | Killed a gargoyle
  8466 | D:10     | Found Qoosu's Armour Emporium.
  8471 | D:10     | Found a staircase to the Orcish Mines.
  8497 | D:10     | Found a portal to a secret trove of treasure.
  8540 | D:10     | Found a broken altar of Ashenzari.
  8548 | D:10     | Found a white marble altar of Elyvilon.
  8630 | D:10     | Found an ornate altar of the Wu Jian Council.
  8927 | D:10     | Found a shimmering blue altar of Sif Muna.
  9019 | Lair:1   | Entered Level 1 of the Lair of Beasts
  9051 | Lair:1   | Reached XP level 11. HP: 97/97 MP: 11/11
  9425 | Lair:1   | Noticed a boulder beetle
  9446 | Lair:1   | Killed a boulder beetle
  9716 | Lair:1   | Reached skill level 16 in Axes
  9772 | Lair:1   | Received a gift from Trog
  9773 | Lair:1   | Reached skill level 10 in Fighting
 10532 | Lair:2   | Reached skill level 10 in Armour
 10586 | Lair:2   | Found a dark tunnel.
 10813 | Lair:2   | Noticed a deep troll
 10820 | Lair:2   | Killed a deep troll
 11024 | Lair:2   | Reached XP level 12. HP: 105/108 MP: 12/12
 11272 | Lair:3   | Reached skill level 17 in Axes
 11590 | Lair:3   | Found a staircase to the Snake Pit.
 11696 | Lair:3   | Found a staircase to the Shoals.
 11718 | Lair:3   | Noticed an eight-headed hydra
 11730 | Lair:3   | Killed a 14-headed hydra
 12075 | Lair:3   | Noticed Gastronok
 12390 | Lair:4   | Noticed a death yak
 12391 | Lair:4   | Noticed a death yak
 12400 | Lair:4   | Noticed a death yak
 12410 | Lair:4   | Killed a death yak
 12411 | Lair:4   | Reached skill level 1 in Stealth
 12421 | Lair:4   | Killed a death yak
 12428 | Lair:4   | Killed a death yak
 12429 | Lair:4   | Reached XP level 13. HP: 99/119 MP: 13/13
 12507 | Lair:4   | Found a runed translucent gate.
 12507 | Lair:4   | Found a runed translucent gate.
 12508 | Lair:4   | Found a runed translucent gate.
 12509 | Lair:4   | Noticed Zun Lasmi's ghost (journeyman VSTm)
 12509 | Lair:4   | Noticed Aluic's ghost (adept MiBe)
 12684 | Lair:4   | Found a viscous altar of Jiyva.
 12685 | Lair:4   | Found a staircase to the Slime Pits.
 13345 | D:6      | Bought a shiny chain mail for 157 gold pieces
 13521 | Lair:3   | Killed Gastronok
 13522 | Lair:3   | Reached skill level 5 in Dodging
 13956 | Lair:5   | Entered Level 5 of the Lair of Beasts
 14029 | Lair:5   | Reached skill level 18 in Axes
 14808 | Lair:5   | Reached XP level 14. HP: 97/133 MP: 14/14
 15164 | Lair:5   | Reached skill level 15 in Fighting
 15164 | Lair:5   | Reached skill level 19 in Axes
 15164 | Lair:5   | Reached XP level 15. HP: 141/141 MP: 15/15
 15165 | Lair:5   | Reached skill level 15 in Armour
 15165 | Lair:5   | Reached XP level 16. HP: 149/149 MP: 16/16
 15206 | Lair:5   | Identified a scroll of acquirement
 15207 | Lair:5   | Acquired the ring of Dalil {Str+4 Int+3 Dex+4 Slay+4}
 15718 | Lair:4   | Killed Zun Lasmi's ghost
 15725 | Lair:4   | Killed Aluic's ghost
 16222 | D:11     | Noticed Lodul
 16256 | D:11     | Killed Lodul
 16507 | D:11     | Noticed Psyche
 16515 | Abyss:1  | Cast into level 1 of the Abyss (Psyche)
 16672 | Abyss:1  | Noticed a lich
 16680 | Abyss:1  | Killed a lich
 16681 | Abyss:1  | Reached skill level 20 in Axes
 16752 | D:11     | Escaped the Abyss
 16753 | D:11     | Killed Psyche
 16856 | D:11     | Noticed Amaemon
 16868 | D:11     | Killed Amaemon
 16989 | D:11     | Acquired a +2 executioner's axe of draining
 17217 | D:12     | Noticed Josephine
 17225 | D:12     | Killed Josephine
 17634 | D:12     | Reached skill level 1 in Shields
 17720 | D:12     | Noticed Kirke
 17727 | D:12     | Received a gift from Trog
 17735 | D:12     | Killed Kirke
 18349 | D:6      | Bought a +0 kite shield of positive energy for 93 gold
                  | pieces
 18488 | D:13     | Found Xaurus's Magic Scroll Shoppe.
 18531 | D:13     | Bought a scroll of identify for 30 gold pieces
 18531 | D:13     | Bought a scroll of identify for 30 gold pieces
 18645 | D:13     | Found a gate to the Vaults.
 18812 | D:13     | Found Yjox's Weapon Boutique.
 20028 | D:15     | Entered Level 15 of the Dungeon
 20096 | D:15     | Noticed Rupert
 20116 | D:15     | Killed Rupert
 20192 | D:15     | Found a bloodstained altar of Trog.
 20441 | D:15     | Reached XP level 17. HP: 161/161 MP: 17/17
 20846 | D:15     | Annihilated by a titanic slime creature

Illustrated notes

Levels and vault maps discovered:
D:1:      lightli_arrival_statue_moat, layout_rooms,
          ebering_ecumenical_altar_webs, nrook_uturn, serial_bayou_lagoon_a
D:2:      minmay_recursive_quarters, layout_loops_ring, serial_park_tiny_2,
          hangedman_decor_opposing
D:3:      minmay_general_purpose_star, layout_basic, small_statue_intersection
D:4:      layout_basic, mainiacjoe_overflow_concentric_impassable,
          mainiacjoe_overflow_six_doors_small, serial_park_tiny_pond, uniq_robin
D:5:      layout_loops_ring, lemuel_flame_loot_1
D:6:      layout_basic, xom_confusion_cloud, mainiacjoe_overflow_24_doors,
          serial_shops, shop, shop, nicolae_square_shop,
          nicolae_shop_bloodbath_and_beyond, uniq_maggie, uniq_eustachio
D:7:      layout_basic, nicolae_hepliaklqana_hazy_memory, lemuel_round_altar,
          nemelex_altar_shiori, temple_fountains, gammafunk_ghost_necromancy,
          nicolae_evil_shop
D:8:      layout_basic, lemuel_tele_altar, fedhas_ov_isle_minmay,
          enter_ossuary_1
D:9:      layout_loops_ring, mainiacjoe_overflow_alcove_4,
          mainiacjoe_overflow_boulevard, serial_shops, shop,
          statue_in_the_mist_lemuel
D:10:     layout_rooms, old_standard_altar, mainiacjoe_overflow_surrounded_room,
          kennysheep_mini_moat, mainiacjoe_overflow_cross_hatched,
          cheibrodos_ashenzari_chains, lair_entry_dummy, orc_david_3,
          nicolae_trove_entry_crossroad
D:11:     layout_roguey, uniq_lodul, uniq_amaemon, uniq_psyche
D:12:     layout_loops_ring, minmay_fire_ice_demons, uniq_kirke, uniq_josephine
D:13:     layout_basic, erik_vaults_1, serial_shops, nicolae_stop_n_shop_1,
          kennysheep_little_box, dreamdust_princess_corridor
D:14:     layout_loops_ring
D:15:     gammafunk_enter_depths_forms, layout_long_grid,
          trog_three_pillars_becter, minmay_misc_feat_secret_circle, uniq_rupert
Lair:1:   layout_cave_pods
Lair:2:   dreamdust_cave_troll, layout_chaotic_city,
          nicolae_volcano_entry_hallway, grunt_megastairs_3
Lair:3:   layout_gridlike, elwin_shoals_entry_rocks,
          minmay_snake_entry_six_corridors, grunt_forest_large_clearing_hut,
          lemuel_fruit_fields, serial_bayou_shore_b, uniq_gastronok
Lair:4:   layout_loops_ring, dpeg_slime_entry_enclosed,
          gammafunk_ghost_cemetery, wad_woods_road_06, nicolae_lair_lindhole
Lair:5:   evilmike_catoblepas_cave, layout_gridlike, gauntlet_entry_generic,
          lookout_lair_type, infiniplex_staircase_pool_2

Skill      XL: |  1  2  3  4  5  6  7  8  9 10 11 12 13 14 15 16 17 |
---------------+----------------------------------------------------+-----
Fighting       | 4 5 7 8 9 10 12 14 15 17 | 17.5
Axes           | 5 6 7 9 11 12 15 16 17 18 19 20 | 20.8
Dodging        | 2 3 4 5 6 7 |  7.2
Armour         | 3 4 5 7 8 10 12 14 15 16 | 16.3
Evocations     | 1 |  1.6
Stealth        | 1 3 4 |  4.4
Shields        | 2 3 |  3.2

Action                   |  1- 3 |  4- 6 |  7- 9 | 10-12 | 13-15 | 16-18 || total
-------------------------+-------+-------+-------+-------+-------+-------++-------
Melee: Hand axe          |    87 |   222 |       |       |       |       ||   309
       Punch             |       |     3 |     4 |     6 |     6 |       ||    19
       War axe           |       |     9 |   275 |   494 |   229 |   439 ||  1446
Invok: Berserk           |     2 |     1 |     2 |     7 |     6 |     2 ||    20
       Trog's Hand       |       |     1 |     1 |     2 |     5 |     3 ||    12
       Brothers in Arms  |       |       |     1 |     1 |     4 |     2 ||     8
Evoke: Wand              |       |       |       |     9 |       |       ||     9
  Use: Potion            |       |       |     1 |       |    11 |     9 ||    21
       Scroll            |       |       |       |    11 |     8 |    20 ||    39
 Stab: Distracted        |       |       |       |     1 |       |     2 ||     3
Armor: Animal skin       |    26 |       |       |       |       |       ||    26
       Chain mail        |    17 |   117 |   170 |   279 |   197 |   237 ||  1017
Dodge: Dodged            |    92 |   103 |   114 |   216 |   133 |   154 ||   812
Block: Kite shield       |       |       |       |       |       |    48 ||    48
       Buckler           |       |       |       |       |       |    27 ||    27

Table legend: (Time is in decaauts)
 A = Elapsed time spent in this place.
 B = Non-inter-level travel time spent in this place.
 C = Inter-level travel time spent in this place.
 D = Time resting spent in this place.
 E = Time spent auto-exploring this place.
 F = Levels seen in this place.
 G = Mean time per level.
                   A        B        C        D        E       F      G
               +--------+--------+--------+--------+--------+-----+--------+
         Total |  20747 |  19211 |   1536 |      0 |  13633 |  22 |  943.0 |
       Dungeon |  13433 |  12418 |   1015 |      0 |   9152 |  15 |  895.5 |
          Lair |   6847 |   6327 |    520 |      0 |   4387 |   5 | 1369.4 |
         Abyss |    230 |    230 |      0 |      0 |     16 |   1 |  230.0 |
       Ossuary |    236 |    236 |      0 |      0 |     78 |   1 |  236.0 |
               +--------+--------+--------+--------+--------+-----+--------+

Top non-repeatable levels by time:
  Lair:5: 1678 daAuts
  Lair:4: 1468 daAuts
  Lair:3: 1392 daAuts
    D:12: 1247 daAuts
     D:1: 1198 daAuts
  Lair:1: 1167 daAuts
  Lair:2: 1140 daAuts
     D:2: 1053 daAuts
     D:6: 980 daAuts
     D:3: 959 daAuts
     D:9: 956 daAuts
     D:8: 949 daAuts
     D:4: 855 daAuts
    D:13: 828 daAuts
     D:5: 820 daAuts
